 Dungeon Crawl Stone Soup version 0.28-a0-1624-g820543e53a (webtiles) character file.

Game seed: 1112451109993927412

1245 issech the Cudgeller (level 8, 0/78 HPs)
             Began as a Troll Monk on Jan 23, 2022.
             Slain by a scorpion (3 damage)
             ... in an ossuary.
             The game lasted 00:15:16 (3675 turns).

issech the Cudgeller (Troll Monk)                   Turns: 3675, Time: 00:15:17

Health: 0/78       AC:  4    Str: 20    XL:     8   Next: 25%
Magic:  7/7        EV: 11    Int:  6    God:
Gold:   186        SH:  0    Dex: 14    Spells: 7/7 levels left

rFire   . . .      SeeInvis .   a - +0 mace
rCold   . . .      Faith    .   (no shield)
rNeg    . . .      Spirit   .   b - +0 robe
rPois   .          Reflect  .   (helmet restricted)
rElec   .          Harm     .   (no cloak)
rCorr   .          Rampage  .   (gloves unavailable)
Will    .....                   (boots unavailable)
Stlth   ++........              (no amulet)
HPRegen 1.03/turn               (no ring)
MPRegen 0.10/turn               (no ring)

@: lethally poisoned (0 -> 0)
A: large, unfitting armour, claws 3, regeneration 1, shaggy fur 1, tough skin 1
a: no special abilities


You were in an ossuary.
You visited 1 branch of the dungeon, and saw 4 of its levels.
You also visited: Ossuary.

You collected 186 gold pieces.

Inventory:

Hand Weapons
 a - a +0 mace (weapon)
 f - a +0 dagger of draining
 l - a +4 dagger
Missiles
 c - 74 stones (quivered)
 j - 90 arrows
 k - 57 bolts
 p - 45 sling bullets
Armour
 b - a +0 robe (worn)
Scrolls
 h - 3 scrolls of identify
 n - a scroll of enchant armour {unknown}
Potions
 d - a potion of ambrosia {unknown}
 e - 3 potions of attraction
 i - a potion of lignification {unknown}
 m - a potion of brilliance {unknown}
 o - 2 potions of mutation {unknown}
 q - a potion of berserk rage {unknown}
 r - a potion of heal wounds {unknown}


   Skills:
 + Level 4.2 Fighting
 + Level 7.1 Maces & Flails
 + Level 1.6 Throwing
 + Level 4.4 Dodging
 + Level 1.6 Stealth


You had 7 spell levels left.
You didn't know any spells.
Your spell library contained the following spells:

 Spells                   Type           Power      Damage    Failure   Level
 Animate Skeleton         Necr           0%         N/A       45%         1
 Pain                     Necr           0%         1d4       45%         1
 Slow                     Hex            0%         N/A       45%         1
 Confusing Touch          Hex            0%         N/A       83%         3
 Vampiric Draining        Necr           0%         2d6       83%         3


Dungeon Overview and Level Annotations

Branches:
Dungeon (4/15)            Ossuary (1/1)
 Temple: D:4-7

Altars:

Shops:
D:2 ?[!=


Innate Abilities, Weirdness & Mutations

You are too large for most types of armour.
You have claws for hands.
Your natural rate of healing is unusually fast.
You are covered in fur. (AC +1)
You have tough skin. (AC +1)


Message History

You feel sick. The scorpion barely misses you.
You feel sick. The scorpion stings you.
* * * LOW HITPOINT WARNING * * *
You barely miss the scorpion.
The scorpion is lightly wounded.
You feel sick. The scorpion barely misses you.
It was a potion of cancellation.
You feel magically purged.
You feel sick. The scorpion completely misses you.
You barely miss the scorpion.
The scorpion is lightly wounded.
You feel sick. The scorpion stings you.
* * * LOW HITPOINT WARNING * * *
You feel sick.
You are no longer poisoned.
The scorpion stings you.
* * * LOW HITPOINT WARNING * * *
A human zombie comes into view.
The scorpion stings you.
* * * LOW HITPOINT WARNING * * *
A scorpion comes into view.
The scorpion stings you.
* * * LOW HITPOINT WARNING * * *
There is an open door here.
The scorpion barely misses you. The scorpion stings you.
* * * LOW HITPOINT WARNING * * *
You are poisoned.
The scorpion poisons you!
There is an open door here.
You feel sick.
You see here a scroll of amnesia.
You hit the scorpion.
The scorpion is lightly wounded.
You feel sick. The scorpion barely misses you.
You hit the scorpion but do no damage.
The scorpion is lightly wounded.
You feel sick. The scorpion completely misses you.
You hit the scorpion but do no damage.
The scorpion is lightly wounded.
You feel sick. The scorpion stings you.
You die...

Z8...#...###8.....8###
..Z..#...#......Z....#
...8###'##...........#
.....#...#.....8...M.#
.8...'...#.....#...Z.#
.#...#...#.....#.....#
###########'#######'##
#...#...#...#!=s#Z..#
#...8...'...#!.@s...#
#.......#...#!?!#...#
##8...8##############
#.......#...#...#...#
#...8...#...8...'.∩.#
#...#...#.......#...#
######'###8...8###'##
#!?M#...#.......#...#
+=.!#...'...8...#.∩.#


You could see 2 scorpions and a human zombie.

Vanquished Creatures
  Grinder (D:3)
  Pargi (D:3)
  A necrophage (D:2)
  2 elf skeletons (D:4)
  4 scorpions (Ossuary)
  3 centaur zombies (Ossuary)
  A human zombie (Ossuary)
  2 orc priests (D:4)
  An orc wizard (D:4)
  Natasha (D:2)
  5 scorpion zombies (Ossuary)
  2 mummies (Ossuary)
  4 adders
  An adder skeleton (D:4)
  A worm (D:4)
  6 orcs (D:4)
  6 bats
  6 endoplasms
  4 giant cockroaches
  6 goblins
  8 hobgoblins
  10 kobolds
  6 quokkas
  8 ball pythons
  2 frilled lizards
  2 gnoll zombies (Ossuary)
  A hobgoblin zombie (Ossuary)
  A kobold zombie (Ossuary)
  2 orc zombies (Ossuary)
  4 rats
102 creatures vanquished.

Vanquished Creatures (others)
  7 plants (D:3)
7 creatures vanquished.

Grand Total: 109 creatures vanquished

Notes
Turn   | Place    | Note
-------+----------+-------------------------------------------
     0 | D:1      | issech the Troll Monk began the quest for the Orb.
     0 | D:1      | Reached XP level 1. HP: 22/22 MP: 0/0
   152 | D:1      | Reached XP level 2. HP: 28/29 MP: 1/1
   172 | D:1      | Reached skill level 3 in Maces & Flails
   594 | D:1      | Reached XP level 3. HP: 33/35 MP: 2/2
   974 | D:2      | Found Nilossua's Jewellery Shoppe.
  1010 | D:2      | Found a faded altar of an unknown god.
  1198 | D:2      | Found Vasycaip's Distillery.
  1207 | D:2      | Noticed Natasha
  1225 | D:2      | Killed Natasha
  1226 | D:2      | Reached XP level 4. HP: 13/44 MP: 3/3
  1330 | D:2      | Found Guerchei's Magic Scroll Emporium.
  1392 | D:2      | Found Vigruni's Antique Armour Emporium.
  1735 | D:3      | Noticed Grinder
  1741 | D:3      | Noticed a necrophage
  1748 | D:3      | Paralysed by Grinder for 3 turns
  1760 | D:3      | Paralysed by Grinder for 6 turns
  1773 | D:3      | HP: 2/43 [Grinder/nerve-wracking pain (6)]
  1844 | D:3      | Paralysed by Grinder for 4 turns
  1886 | D:2      | Killed a necrophage
  1887 | D:2      | Reached skill level 4 in Maces & Flails
  1887 | D:2      | Reached XP level 5. HP: 34/53 MP: 4/4
  2017 | D:3      | Paralysed by Grinder for 7 turns
  2027 | D:3      | Paralysed by Grinder for 7 turns
  2042 | D:3      | Killed Grinder
  2043 | D:3      | Reached XP level 6. HP: 22/61 MP: 5/5
  2155 | D:3      | Noticed Pargi
  2209 | D:3      | Killed Pargi
  2210 | D:3      | Reached skill level 5 in Maces & Flails
  2767 | D:4      | Reached XP level 7. HP: 35/68 MP: 6/6
  2860 | D:4      | Reached skill level 1 in Throwing
  3276 | D:4      | Found a sand-covered staircase.
  3297 | Ossuary  | Entered an ossuary
  3364 | Ossuary  | Reached skill level 6 in Maces & Flails
  3525 | Ossuary  | Reached XP level 8. HP: 33/78 MP: 7/7
  3637 | Ossuary  | Reached skill level 7 in Maces & Flails
  3675 | Ossuary  | HP: 3/78 [poisoned by a scorpion]
  3675 | Ossuary  | Slain by a scorpion

Illustrated notes

Levels and vault maps discovered:
D:1:      grunt_arrival_lava_bath, layout_loops_ring
D:2:      layout_loops_ring, serial_shops, nicolae_shop_statue_plus,
          nicolae_lakefront_shop, shop, shop, nicolae_ecumenical_lake_church,
          uniq_natasha
D:3:      layout_rooms, serial_bayou_lagoon_a, uniq_grinder, uniq_pargi
D:4:      layout_basic, nicolae_ossuary_entry_catacombs, minmay_box_of_dots
Ossuary:  ossuary_minmay_scorpions

Skill      XL: |  1  2  3  4  5  6  7  8 |
---------------+-------------------------+-----
Maces & Flails | 3 4 5 6 7 |  7.1
Dodging        | 3 4 |  4.4
Fighting       | 3 4 |  4.2
Throwing       | 1 |  1.6
Stealth        | |  1.6

Action                   |  1- 3 |  4- 6 |  7- 9 || total
-------------------------+-------+-------+-------++-------
Melee: Mace              |   130 |   158 |   228 ||   516
       Punch             |     2 |     2 |     4 ||     8
Throw: Stone             |       |    15 |       ||    15
  Use: Scroll            |       |     4 |       ||     4
       Potion            |       |       |     1 ||     1
 Stab: Sleeping          |     2 |       |     1 ||     3
Armor: Robe              |    57 |    38 |    72 ||   167
Dodge: Dodged            |    93 |    87 |   143 ||   323

Table legend: (Time is in decaauts)
 A = Elapsed time spent in this place.
 B = Non-inter-level travel time spent in this place.
 C = Inter-level travel time spent in this place.
 D = Time resting spent in this place.
 E = Time spent auto-exploring this place.
 F = Levels seen in this place.
 G = Mean time per level.
                   A        B        C        D        E       F      G
               +--------+--------+--------+--------+--------+-----+--------+
         Total |   3786 |   3785 |      1 |    246 |   1580 |   5 |  757.2 |
       Dungeon |   3398 |   3397 |      1 |    202 |   1580 |   4 |  849.5 |
       Ossuary |    388 |    388 |      0 |     44 |      0 |   1 |  388.0 |
               +--------+--------+--------+--------+--------+-----+--------+

Top non-repeatable levels by time:
     D:3: 978 daAuts
     D:2: 874 daAuts
     D:1: 843 daAuts
     D:4: 702 daAuts
 Ossuary: 388 daAuts
